 Dungeon Crawl Stone Soup version 0.19-a0-1008-g4c63d25 (webtiles) character file.

56 Implojin the Ruffian (level 3, -1/36 HPs)
             Began as a Troll Fighter on July 21, 2016.
             Slain by a gnoll (3 damage)
             ... on level 3 of the Dungeon.
             The game lasted 00:01:22 (211 turns).

Implojin the Ruffian (Troll Fighter)                 Turns: 211, Time: 00:01:23

Health: -1/36      AC:  5    Str: 29    XL:     3   Next: 69%
Magic:  2/2        EV:  8    Int:  4    God:
Gold:   0          SH:  9    Dex: 10    Spells: 0 memorised, 2 levels left

rFire  . . .     SeeInvis .       - Unarmed
rCold  . . .     Gourm    +     a - +0 robe
rNeg   . . .     Faith    .     b - +0 shield
rPois  .         Spirit   .     (helmet restricted)
rElec  .         Dismiss  .     (no cloak)
rCorr  .         Reflect  .     (gloves unavailable)
SustAt .         Harm     .     (boots unavailable)
MR     .....                    (no amulet)
Stlth  +.........               (no ring)
                                (no ring)

@: mighty, lethally poisoned (-1 -> -1), not resistant to hostile enchantments,
very unstealthy
A: unfitting armour, claws 3, fast metabolism 3, gourmand, regeneration 2,
shaggy fur 1, tough skin 2
a: no special abilities


You were on level 3 of the Dungeon.
You were very full.

You visited 1 branch of the dungeon, and saw 3 of its levels.

Inventory:

Armour
 a - a +0 robe (worn)
 b - a +0 shield (worn)
Jewellery
 l - an uncursed ring of wizardry {unknown}
 m - an uncursed ring of stealth {unknown}
Scrolls
 e - a scroll of identify {unknown}
 h - a scroll of noise {unknown}
 i - a scroll of teleportation {unknown}
 j - a scroll of enchant armour {unknown}
Potions
 f - a potion of lignification {unknown}
Comestibles
 d - 2 bread rations
 g - 4 chunks of flesh
 k - a meat ration


   Skills:
 - Level 2.4 Fighting
 - Level 2.4 Dodging
 - Level 2.4 Shields
 * Level 4.1 Unarmed Combat


You had 2 spell levels left.
You didn't know any spells.

Dungeon Overview and Level Annotations

Branches:
Dungeon (3/15)

Altars:


Innate Abilities, Weirdness & Mutations

You are too large for most types of armour.
You have claws for hands.
Your metabolism is lightning-fast.
You like to eat raw meat.
You heal very quickly.
You are covered in fur. (AC +1)
You have very tough skin. (AC +2)


Message History

You closely miss the gnoll. You block the bat's attack.
The bat hits you but does no damage. The gnoll barely misses you.
Your shield prevents you from hitting the gnoll.
The bat hits you but does no damage. The bat hits you.
* * * LOW HITPOINT WARNING * * *
The gnoll barely misses you. You block the adder's attack.
Unknown command.
You claw the gnoll!
The gnoll is severely wounded.
You block the bat's attack. The bat hits you but does no damage. x2
The gnoll barely misses you. You block the adder's attack.
Unknown command.
Unknown command.
You barely miss the gnoll.
The gnoll is severely wounded.
The bat hits you but does no damage. You block the bat's attack.
The bat barely misses you. The gnoll hits you with a club.
* * * LOW HITPOINT WARNING * * *
The bat barely misses you. The adder bites you but does no damage.
The gnoll hits you.
* * * LOW HITPOINT WARNING * * *
Unknown command.
Unknown command.
You closely miss the gnoll.
The gnoll is severely wounded.
The bat hits you but does no damage. You block the bat's attack.
The adder bites you.
* * * LOW HITPOINT WARNING * * *
You are poisoned.
The adder poisons you! The gnoll hits you with a halberd!
* * * LOW HITPOINT WARNING * * *
You block the gnoll's attack. The gnoll closely misses you.
Unknown command.
You closely miss the gnoll.
The gnoll is severely wounded.
You feel sick. The bat barely misses you. The bat hits you but does no damage.
The adder bites you but does no damage. The gnoll barely misses you.
The bat hits you but does no damage. You block the gnoll's attack.
The gnoll hits you.
You die...

...............#
..............# ..#
#.........>#..# ..
#.####......#..### .#
#........$...#...##.##
###..................###.
.............###.........
####..........b>gS.......
# #...........g@b)......
# #..........#g#####....
# #..........#g# . #
##........bg..#
###...........###
.)#...........#
.............?#
..###..........#
.(##.........g.#


You could see 4 gnolls, an adder and 2 bats.

Vanquished Creatures
  An orc wizard (D:3)
  7 orcs (D:3)
  2 ball pythons (D:3)
  2 giant cockroaches (D:3)
  A goblin (D:3)
  A hobgoblin (D:3)
  A quokka (D:3)
  A kobold (D:3)
  A rat (D:3)
17 creatures vanquished.

Notes
Turn   | Place    | Note
-------+----------+-------------------------------------------
     0 | D:1      | Implojin the Troll Fighter began the quest for the Orb.
     0 | D:1      | Reached XP level 1. HP: 22/22 MP: 0/0
    48 | D:3      | Reached XP level 2. HP: 22/29 MP: 1/1
    84 | D:3      | Reached skill level 3 in Unarmed Combat
    99 | D:3      | Reached XP level 3. HP: 6/36 MP: 2/2
   121 | D:3      | Found a faded altar of an unknown god.
   131 | D:3      | Reached skill level 4 in Unarmed Combat
   211 | D:3      | Slain by a gnoll

Vault maps used:
D:1:      eino_arrival_water_cross, minmay_liquid_box
D:2:      lemuel_crystal_altar, first_bread, uniq_terence
D:3:      ecumenical_altar_2

Skill      XL: |  1  2  3 |
---------------+----------+-----
Unarmed Combat | 3 4 |  4.1
Fighting       | |  2.4
Dodging        | |  2.4
Shields        | |  2.4

Action                   || total
-------------------------++-------
Melee: Unarmed           ||    61
  Use: Potion            ||     1
  Eat: Chunk             ||     7
Armor: Robe              ||    45
Dodge: Dodged            ||    30
Block: Shield            ||    46

Table legend:
 A = Turns spent in this place as a percentage of turns spent in the entire game.
 B = Non-inter-level travel turns spent in this place as a percentage of non-inter-level travel turns spent in the entire game.
 C = Inter-level travel turns spent in this place as a percentage of turns spent in this place.
 D = Turns resting spent in this place as a percentage of non-inter-level travel turns spent in this place.
 E = Turns spent auto-exploring this place as a percentage of non-inter-level travel turns spent in this place.
 F = Non-inter-level travel turns spent in this place divided by the number of levels of this place that you've seen.
                   A       B       C       D       E      F
               +-------+-------+-------+-------+-------+----------------------
         Total | 100.0 | 100.0 |   0.0 |   0.0 |   0.0 |  71.0
       Dungeon | 100.0 | 100.0 |   0.0 |   0.0 |   0.0 |  71.0
               +-------+-------+-------+-------+-------+----------------------

Table legend:
 A = Kills in this place as a percentage of kills in entire the game.
 B = Kills by you in this place as a percentage of kills by you in the entire game.
 C = Kills by friends in this place as a percentage of kills by friends in the entire game.
 D = Other kills in this place as a percentage of other kills in the entire game.
 E = Experience gained in this place as a percentage of experience gained in the entire game.
 F = Experience gained in this place divided by the number of levels of this place that you have seen.
                   A       B       C       D       E      F
               +-------+-------+-------+-------+-------+----------------------
         Total | 100.0 | 100.0 |  -nan |  -nan | 100.0 |  26.7
       Dungeon | 100.0 | 100.0 |  -nan |  -nan | 100.0 |  26.7
               +-------+-------+-------+-------+-------+----------------------
